 Dungeon Crawl Stone Soup version 0.29.1-2-gbd0b4ee654 (webtiles) character file.

Game seed: 13205002465483987115

135 unlimited1921 the Magician (level 5, -17/35 HPs)
             Began as a Djinni Fire Elementalist on Nov 16, 2022.
             Killed by divine providence
             ... invoked by an orc priest
              (18 damage)
             ... on level 4 of the Dungeon.
             The game lasted 00:10:32 (5544 turns).

unlimited1921 the Magician (DjFE)                   Turns: 5544, Time: 00:10:32

Health: -17/35     AC:  2    Str:  7    XL:     5   Next: 41%
Gold:   166        EV: 12    Int: 19    God:
                   SH:  0    Dex: 13

rFire   + + .      SeeInvis .   (no weapon)
rCold   x . .      Faith    .   (no shield)
rNeg    . . .      Spirit   .   a - +0 robe
rPois   ∞          Reflect  .   (no helmet)
rElec   .          Harm     +   e - scarf {harm}
rCorr   .          Rampage  .   (no gloves)
Will    .....                   (boots unavailable)
Stlth   ++........              (no amulet)
HPRegen 0.11/turn               (no ring)
MPRegen 0.00/turn               (no ring)

@: flying, very slightly contaminated
A: sickness immunity, fire resistance 2, cold vulnerability 1, float, innate
caster, HP casting, extra vitality 1
a: no special abilities


You were on level 4 of the Dungeon.
You visited 1 branch of the dungeon, and saw 4 of its levels.

You collected 236 gold pieces.
You spent 70 gold pieces at shops.

Inventory:

Hand Weapons
 n - a +2 mace of holy wrath
Missiles
 b - 5 javelins
Armour
 a - a +0 robe (worn)
 c - a +0 leather armour
 e - a scarf of harm (worn)
 m - a +0 kite shield
Scrolls
 d - a scroll of poison
 f - 2 scrolls of enchant armour
 h - a scroll of butterflies
 j - 2 scrolls of summoning {unknown}
 k - a scroll of teleportation
Potions
 g - a potion of mutation {unknown}
 i - 2 potions of heal wounds
 l - a potion of flight {unknown}
 o - a potion of cancellation {unknown}
 p - a potion of curing {unknown}


   Skills:
 + Level 2.6 Dodging
 + Level 2.0 Stealth
 + Level 4.1 Spellcasting


You couldn't memorise any spells.
You knew the following spells:

 Your Spells              Type           Power      Damage    Failure   Level
a - Foxfire               Conj/Fire      76%        2x1d7     2%          1
b - Scorch                Fire           38%        2d6       3%          2
c - Conjure Flame         Conj/Fire      19%        6-21      8%          3
d - Inner Flame           Hex/Fire       19%        N/A       8%          3
e - Flame Wave            Conj/Fire      19%        2d7       24%         4
f - Beastly Appendage     Tmut           38%        N/A       2%          1
g - Blink                 Tloc           38%        N/A       3%          2
Your spell library was empty.

Dungeon Overview and Level Annotations

Branches:
Dungeon (4/15)
 Temple: D:4-7

Altars:
Dithmenos

Shops:
D:1 ?

Annotations:
D:4 Edmund


Innate Abilities, Weirdness & Mutations

You are immune to sickness and miasma.
You are immune to poison.
Your flesh is very heat resistant. (rF++)
You are vulnerable to cold. (rC-)
You float through the air rather than walking.
You learn spells naturally, not from books.
Your magical power is your life essence.
You have superior vitality. (+4 MHP)


Message History

The orc priest is filled with an inner flame.
The foxfire hits the orc wizard.
The orc wizard is severely wounded.
The foxfire hits the orc wizard but does no damage.
The orc wizard is severely wounded.
The orc wizard barely misses you.
An orc comes into view. It is wielding a +0 flail.
Casting: Inner Flame (dangerous; 9% risk of failure)
Confirm with . or Enter, or press ? or * to list all spells.
Flames lash the orc wizard.
You kill the orc wizard!
Your Spellcasting skill increases to level 4!
Casting: Scorch (safe; 3% risk of failure)
Confirm with . or Enter, or press ? or * to list all spells.
Aiming: Inner Flame (dangerous; 8% risk of failure)
Press: ? - help, Dir - move target, f - Edmund, p - orc priest
Aim: Edmund, wielding a +5 vorpal flail and wearing a +0 leather armour (chance to affect: 74%) Edmund is filled with an inner flame.
The orc priest looks encouraged for a moment.
Casting: Inner Flame (dangerous; 8% risk of failure)
Confirm with . or Enter, or press ? or * to list all spells.
Flames lash Edmund.
Flame seeps out of Edmund.
Edmund is lightly wounded.
Edmund's fire resistance burns away.
Edmund is engulfed in blazing flames.
Flame seeps out of Edmund.
The orc priest hits you with a +0 flail!
* * * LOW HITPOINT WARNING * * *
Casting: Scorch (safe; 3% risk of failure)
Confirm with . or Enter, or press ? or * to list all spells.
You conjure some foxfire!
* * * LOW HITPOINT WARNING * * *
The orc priest hits you with a +0 flail.
* * * LOW HITPOINT WARNING * * *
An orc priest comes into view. It is wielding a +0 flail.
Your foxfire dissipates!
The foxfire hits the orc but does no damage.
The orc priest calls down the wrath of Beogh upon you.
Beogh smites you!
Ouch! That really hurt!
You die...

#......#
###......#
#...######
#.#.########
#...........
###.########
#.# #.. #.#
#.# #.# #@#
#.#####o###
#.......o@#
#######.#°#
#.#oo† #.#
.#.# #.# ..
# #.# #. #.#
..


You could see 2 orc priests and 2 orcs.

Vanquished Creatures
  An orc wizard (D:4)
  4 adders
  A worm (D:4)
  A dart slug (D:1)
  7 orcs (D:3)
  3 ball pythons
  6 endoplasms
  5 giant cockroaches
  2 goblins
  10 hobgoblins
  3 kobolds
  4 quokkas
  2 bats
  A frilled lizard (D:3)
  7 rats
57 creatures vanquished.

Vanquished Creatures (collateral kills)
  2 foxfires
2 creatures vanquished.

Vanquished Creatures (others)
  220 foxfires
220 creatures vanquished.

Grand Total: 279 creatures vanquished

Notes
Turn   | Place    | Note
-------+----------+-------------------------------------------
     0 | D:1      | unlimited1921 the Djinni Fire Elementalist began the quest
                  | for the Orb.
     0 | D:1      | unlimited1921 set off with the following spells memorised:
                  | Foxfire, Scorch, Conjure Flame, Inner Flame, Flame Wave.
     0 | D:1      | Reached XP level 1. HP: 15/15 MP: 0/0
  1162 | D:1      | Reached XP level 2. HP: 15/21 MP: 0/0
  1258 | D:1      | Found Xilong's Magic Scroll Shop.
  1831 | D:1      | Reached skill level 3 in Spellcasting
  1939 | D:1      | Reached XP level 3. HP: 23/25 MP: 0/0
  1939 | D:1      | Learned a level 1 spell: Beastly Appendage
  2984 | D:1      | Bought a scroll of identify for 28 gold pieces
  2984 | D:1      | Bought a scroll of teleportation for 42 gold pieces
  3363 | D:2      | Reached XP level 4. HP: 28/31 MP: 0/0
  3945 | D:2      | Found a faded altar of an unknown god.
  4846 | D:3      | Found a shadowy altar of Dithmenos.
  4886 | D:3      | Reached XP level 5. HP: 25/35 MP: 0/0
  4886 | D:3      | Learned a level 2 spell: Blink
  5538 | D:4      | Noticed Edmund
  5541 | D:4      | Reached skill level 4 in Spellcasting
  5543 | D:4      | HP: 1/35 [orc priest/+0 flail (4)]
  5544 | D:4      | Killed from afar by an orc priest

Illustrated notes

Levels and vault maps discovered:
D:1:      eino_arrival_druids_welcome, layout_basic, serial_shops,
          nicolae_shop_hallway_stairs, hangedman_decor_growths,
          chequers_serial_rivers_large_a
D:2:      layout_basic, ebering_ecumenical_altar_hall
D:3:      layout_rooms, mainiacjoe_overflow_big_doors, kennysheep_generic_room_6
D:4:      layout_basic, minmay_temple_entry_ruins, eino_curves_04, uniq_pikel,
          uniq_edmund

Skill      XL: |  1  2  3  4  5 |
---------------+----------------+-----
Spellcasting   | 3 4 |  4.1
Stealth        | 2 |  2.0
Dodging        | |  2.6

Action                   |  1- 3 |  4- 6 || total
-------------------------+-------+-------++-------
 Cast: Foxfire           |    65 |    64 ||   129
       Scorch            |     4 |     4 ||     8
       Inner Flame       |       |     3 ||     3
  Use: Scroll            |     2 |     1 ||     3
Armor: Robe              |     3 |       ||     3
Dodge: Dodged            |    17 |     2 ||    19
